 Dungeon Crawl Stone Soup version 0.29-a0-542-g075992c915 (webtiles) character file.

Game seed: 7452000066146346864

164 KyoPewz the Insei (level 5, 0/34 HPs)
             Began as an Octopode Transmuter on June 4, 2022.
             Slain by Eustachio
             ... wielding a +0 rapier
              (11 damage)
             ... on level 4 of the Dungeon.
             The game lasted 00:16:00 (4368 turns).

KyoPewz the Insei (Octopode Transmuter)             Turns: 4368, Time: 00:16:00

Health: 0/34       AC:  1    Str: 11    XL:     5   Next: 45%
Magic:  7/9        EV: 13    Int: 16    God:
Gold:   189        SH:  0    Dex: 12    Spells: 3/9 levels left

rFire   . . .      SeeInvis .     - Unarmed
rCold   . . .      Faith    .   (no shield)
rNeg    . . .      Spirit   .   (helmet currently unavailable)
rPois   .          Reflect  .   (no amulet)
rElec   .          Harm     .   (no ring)
rCorr   .          Rampage  .   (no ring)
Will    .....                   (no ring)
Stlth   ++........              (no ring)
HPRegen 0.11/turn               (no ring)
MPRegen 0.11/turn               (no ring)
                                (no ring)
                                (no ring)

@: appendages (expiring), wereblooded
A: tentacle spike 3, almost no armour, amphibious, 8 rings, camouflage 1,
gelatinous body 1, (nimble swimmer 1), tentacles
a: End Transformation


You were on level 4 of the Dungeon.
One of your tentacles had grown a beastly spike.
You visited 1 branch of the dungeon, and saw 4 of its levels.

You collected 189 gold pieces.

Inventory:

Hand Weapons
 g - a +0 short sword
 h - a +0 dagger
 k - a +0 hunting sling
Missiles
 j - 113 stones
 o - 3 boomerangs
 t - 8 poisoned darts
Jewellery
 f - a ring of resist corrosion
Wands
 p - a wand of flame (20)
Scrolls
 c - 3 scrolls of noise
 i - a scroll of summoning {unknown}
 n - a scroll of immolation {unknown}
 q - 4 scrolls of identify
 v - a scroll of vulnerability {unknown}
Potions
 a - 4 potions of lignification
 b - 4 potions of curing
 d - a potion of ambrosia {unknown}
 e - 2 potions of might {unknown}
 l - a potion of flight {unknown}
 m - a potion of degeneration {unknown}
 r - a potion of cancellation {unknown}
 s - a potion of brilliance {unknown}
 u - a potion of magic {unknown}


   Skills:
 + Level 2.2 Fighting
 + Level 2.8 Dodging
 + Level 3.7 Unarmed Combat
 + Level 2.9 Spellcasting
 + Level 2.8 Transmutations
 + Level 1.3 Poison Magic


You had 3 spell levels left.
You knew the following spells:

 Your Spells              Type           Power      Damage    Failure   Level
a - Beastly Appendage     Tmut           22%        N/A       6%          1
b - Wereblood             Tmut           11%        N/A       9%          2
c - Spider Form           Tmut/Pois      9%         N/A       24%         3

Your spell library contained the following spells:

 Spells                   Type           Power      Damage    Failure   Level
 Summon Small Mammal      Summ           8%         N/A       19%         1
 Sublimation of Blood     Necr           2%         N/A       28%         2
 Call Canine Familiar     Summ           2%         N/A       50%         3
 Summon Guardian Golem    Hex/Summ       2%         N/A       50%         3
 Ice Form                 Ice/Tmut       6%         N/A       71%         4
 Alistair's Intoxication  Tmut/Pois      6%         N/A       91%         5
 Borgnjor's Vile Clutch   Necr/Erth      1%         N/A       99%         5
 Eringya's Noxious Bog    Tmut/Pois      4%         N/A       100%        6
 Summon Hydra             Summ           1%         N/A       100%        7


Dungeon Overview and Level Annotations

Branches:
Dungeon (4/15)
 Temple: D:4-7

Altars:

Shops:
D:1 [   D:3 (

Annotations:
D:4 Eustachio


Innate Abilities, Weirdness & Mutations

One of your tentacles has grown a beastly spike.
You cannot wear most types of armour.
You are amphibious.
You can wear up to eight rings at the same time.
Your skin changes colour to match your surroundings (Stealth+).
Your rubbery body absorbs attacks. (AC +1, EV +1)
((You are camouflaged when in or above water. (Stealth+)))
You have tentacles for arms and can constrict up to eight enemies at once.


Message History

Eustachio hits you with a +0 rapier!
You tentacle-slap Eustachio. Your grab misses Eustachio.
Eustachio is lightly wounded.
The jackal closely misses you. The jackal barely misses you.
Eustachio hits you with a +0 rapier! The jackal barely misses you.
The jackal bites you.
You closely miss Eustachio. You grab Eustachio.
You pierce Eustachio.
You squeeze Eustachio!
Eustachio is moderately wounded.
You constrict Eustachio, but do no damage.
The jackal barely misses you.
Eustachio gestures wildly while chanting.
Eustachio blinks free!
The jackal barely misses you.
You barely miss the jackal. You grab the jackal. You squeeze the jackal.
The jackal is heavily wounded.
Your transformation is almost over.
You constrict the jackal. The jackal bites you.
The jackal bites you but does no damage.
You barely miss the jackal.
The jackal is severely wounded.
You constrict the jackal, but do no damage.
The jackal bites you. The jackal closely misses you.
You tentacle-slap the jackal.
You feel a bit better.
You kill the jackal!
The jackal barely misses you. x2; Eustachio completely misses you.
You barely miss Eustachio. You grab Eustachio.
You pierce Eustachio, but do no damage.
You tentacle-slap Eustachio, but do no damage.
Eustachio is moderately wounded.
You constrict Eustachio, but do no damage.
The jackal barely misses you. Eustachio hits you with a +0 rapier.
You tentacle-slap Eustachio.
You pierce Eustachio.
You squeeze Eustachio!
Eustachio is severely wounded.
You constrict Eustachio. The jackal bites you. Eustachio misses you.
You tentacle-slap Eustachio.
Your tentacle spike misses Eustachio.
Eustachio is almost dead.
You constrict Eustachio. The jackal bites you. The jackal misses you.
Eustachio asks, "How can you live without manners, virtues and honour?"
Eustachio hits you with a +0 rapier!
You die...

##...# #.....###
##.......##
##.........#
#..........##
#...........##
#............#
#......@@....#
##........h..=.#
#..............#
#...<.........#
#...!.........#
##......?....##
##..........#
#.........##
##........


You could see Eustachio and a jackal.

Vanquished Creatures
  A hound (D:3)
  Robin (D:3)
  2 adders (D:2)
  A worm (D:2)
  3 dart slugs
  5 orcs (D:3)
  7 bats
  6 endoplasms
  3 giant cockroaches (D:1)
  14 goblins
  6 hobgoblins
  3 jackals
  7 quokkas
  7 ball pythons
  3 frilled lizards (D:3)
  8 kobolds
  7 rats
84 creatures vanquished.

Notes
Turn   | Place    | Note
-------+----------+-------------------------------------------
     0 | D:1      | KyoPewz the Octopode Transmuter began the quest for the
                  | Orb.
     0 | D:1      | Reached XP level 1. HP: 13/13 MP: 3/3
   288 | D:1      | Found Kaireux's Antique Armour Shoppe.
   419 | D:1      | Reached XP level 2. HP: 13/18 MP: 3/5
   422 | D:1      | Learned a level 2 spell: Wereblood
  1155 | D:1      | Reached XP level 3. HP: 23/23 MP: 4/6
  1364 | D:1      | Found a faded altar of an unknown god.
  1874 | D:2      | Learned a level 3 spell: Spider Form
  2304 | D:2      | Reached XP level 4. HP: 25/29 MP: 5/7
  3110 | D:3      | Noticed Robin
  3134 | D:3      | Killed Robin
  3135 | D:3      | Reached skill level 1 in Poison Magic
  3385 | D:3      | Reached XP level 5. HP: 27/34 MP: 6/9
  3700 | D:3      | Found Xiuzuocw's Weapon Boutique.
  4143 | D:4      | Noticed Eustachio
  4368 | D:4      | Slain by Eustachio

Illustrated notes

Levels and vault maps discovered:
D:1:      scummos_arrival_star, layout_loops_corners,
          dreamdust_ecumenical_altar_hidden_monk_grotto, serial_shops,
          shop_statue
D:2:      layout_loops_corners
D:3:      layout_loops_ring, serial_shops, shop, uniq_robin
D:4:      layout_cave_pods, uniq_ijyb, uniq_pikel, uniq_blork_the_orc,
          uniq_grinder, uniq_eustachio

Skill      XL: |  1  2  3  4 |
---------------+-------------+-----
Fighting       | 2 |  2.2
Poison Magic   | 1 |  1.3
Dodging        | |  2.8
Unarmed Combat | |  3.7
Spellcasting   | |  2.9
Transmutations | |  2.8

Action                   |  1- 3 |  4- 6 || total
-------------------------+-------+-------++-------
Melee: Unarmed           |    89 |    79 ||   168
       Kick              |    14 |    13 ||    27
       Constrict         |    26 |    23 ||    49
       Tentacles         |    15 |    21 ||    36
       Punch             |     3 |     2 ||     5
 Cast: Beastly Appendage |    21 |    14 ||    35
       Wereblood         |     4 |     6 ||    10
  Use: Scroll            |       |     2 ||     2
 Stab: Sleeping          |    13 |     6 ||    19
Armor: Skin              |    10 |     5 ||    15
Dodge: Dodged            |    53 |    63 ||   116

Table legend: (Time is in decaauts)
 A = Elapsed time spent in this place.
 B = Non-inter-level travel time spent in this place.
 C = Inter-level travel time spent in this place.
 D = Time resting spent in this place.
 E = Time spent auto-exploring this place.
 F = Levels seen in this place.
 G = Mean time per level.
                   A        B        C        D        E       F      G
               +--------+--------+--------+--------+--------+-----+--------+
         Total |   4358 |   4217 |    141 |    911 |   2478 |   4 | 1089.5 |
       Dungeon |   4358 |   4217 |    141 |    911 |   2478 |   4 | 1089.5 |
               +--------+--------+--------+--------+--------+-----+--------+

Top non-repeatable levels by time:
     D:1: 1890 daAuts
     D:2: 1389 daAuts
     D:3: 1066 daAuts
     D:4: 12 daAuts
